 Dungeon Crawl Stone Soup version 0.18.1-8-gdd0e5ea (webtiles) character file.

15715 Wooh the Fighter (level 12, -4/115 HPs)
             Began as a Demonspawn Fighter on May 25, 2016.
             Was the Champion of Okawaru.
             Slain by a swamp worm (18 damage)
             ... on level 4 of the Lair of Beasts.
             The game lasted 00:50:35 (12041 turns).

Wooh the Fighter (Demonspawn Fighter)              Turns: 12041, Time: 00:50:35

Health: -4/115     AC: 11    Str: 16    XL:     12   Next: 3%
Magic:  12/12      EV: 19    Int: 11    God:    Okawaru [******]
Gold:   839        SH:  2    Dex: 19    Spells: 0 memorised, 11 levels left

rFire  + . .     SeeInvis +     h - +1 dire flail (distort)
rCold  + . .     Gourm    .     u - +1 ring mail {rC+}
rNeg   . . .     Faith    .     (shield currently unavailable)
rPois  +         Spirit   .     (no helmet)
rElec  .         Dismiss  .     a - +0 cloak {+Inv}
rCorr  .         Reflect  +     (no gloves)
SustAt .         Harm     .     (no boots)
MR     .....     Clarity  +     T - amulet "Ystresk" {Reflect -Tele rPois SH+2 SInv Stlth-}
Stlth  .......... NoTele   +    i - ring of protection from fire
                                e - +2 ring of dexterity

@: not resistant to hostile enchantments, extremely unstealthy
A: talons 1, slimy green scales 3, clarity, demonic guardian 1, sense
surroundings 1, poison resistance, powered by death 1, regeneration 1, robust 1
a: Heroism, Finesse, Renounce Religion, Evoke Invisibility


You were on level 4 of the Lair of Beasts.
You worshipped Okawaru.
Okawaru was exalted by your worship.
You were not hungry.

You visited 2 branches of the dungeon, and saw 12 of its levels.

You collected 839 gold pieces.

Inventory:

Hand Weapons
 h - a +1 dire flail of distortion (weapon)
 q - a +1 vampiric executioner's axe
Missiles
 n - 3 steel javelins (quivered)
 o - 23 poisoned needles
 r - 4 javelins
 x - 91 bolts
 A - 4 tomahawks of dispersal
 I - 6 curare-tipped needles
 N - 3 throwing nets
Armour
 a - a +0 cloak of invisibility (worn)
 c - a +1 shield
 u - a +1 ring mail of cold resistance (worn)
Jewellery
 e - a +2 ring of dexterity (left hand)
 i - a ring of protection from fire (right hand)
 T - the amulet "Ystresk" (around neck) {Reflect -Tele rPois SH+2 SInv Stlth-}
   (You found it on level 7 of the Dungeon)

   [amulet of reflection]

   It shields you and reflects attacks.
   It protects you from poison.
   It lets you see invisible.
   It prevents most forms of teleportation.
   It affects your SH (+2).
   It makes you less stealthy.
Wands
 w - a wand of slowing (30/48)
 z - a wand of polymorph (6/24)
 D - a wand of flame (25/48)
 L - a wand of disintegration (20/24)
 M - a wand of lightning (12/15)
Scrolls
 k - 4 scrolls of remove curse
 m - 2 scrolls of teleportation
 s - 4 scrolls of recharging
 y - 3 scrolls of blinking
 C - a scroll of fear
 G - 4 scrolls of fog
 S - a scroll of torment
Potions
 d - a potion of might
 g - a potion of flight {unknown}
 j - a potion of haste
 l - 5 potions of curing
 p - a potion of ambrosia
 t - 2 potions of brilliance {unknown}
 v - 2 potions of lignification {unknown}
 B - 2 potions of agility
 E - 3 potions of magic
 O - a potion of cancellation {unknown}
 R - 3 potions of heal wounds {unknown}
Comestibles
 b - 4 meat rations
 f - 6 bread rations
 F - a royal jelly
 H - 3 chunks of flesh
 P - 28 fruits


   Skills:
 - Level 13.2 Fighting
 + Level 8.0 Maces & Flails
 - Level 2.6 Armour
 - Level 11.0 Dodging
 - Level 2.6 Shields


You had 11 spell levels left.
You didn't know any spells.

Dungeon Overview and Level Annotations

Branches:
Dungeon (8/15)             Temple (0/1) D:5            Lair (4/8) D:8
 Spider (0/4) Lair:3
  Swamp: Lair:3-6    Shoals: Lair:3-6

Altars:
Ashenzari
Elyvilon
Makhleb
Okawaru
Pakellas
Sif Muna
Trog
Vehumet
Zin

Shops:
D:5 }   D:7 *


Innate Abilities, Weirdness & Mutations

You have sharp toenails.
You are completely covered in slimy green scales (AC +4, rPois).
A weak demonic guardian rushes to your aid.
You regenerate a little health from kills.
You possess an exceptional clarity of mind.
You passively map a small area around you.
Your system is resistant to poisons.
Your natural rate of healing is unusually fast.
You are robust (+10% HP).


Message History

The swamp worm misses you. The swamp worm completely misses you.
Your unstable footing causes you to fumble your attack.
The swamp worm completely misses you.
The swamp worm bites you but does no damage.
Your unstable footing causes you to fumble your attack.
The swamp worm bites you! x2
Unknown command.
The swamp worm bites you!
* * * LOW HITPOINT WARNING * * *
The swamp worm barely misses you. The swamp worm bites you.
* * * LOW HITPOINT WARNING * * *
The swamp worm completely misses you. x2; The swamp worm misses you.
The swamp worm bites you but does no damage.
You see here a swamp worm corpse.
The swamp worm misses you. The swamp worm completely misses you.
You block the swamp worm's attack. The swamp worm bites you!
* * * LOW HITPOINT WARNING * * *
The swamp worm bites you!!
You die...

##.##.#.P........P..#..###.
#..####.....P..........# #.
#..P##.......#.........###.
##.####.....##.........##..
#.###≈..#..≈#..P.#.#......
##.#≈#≈≈≈≈≈≈≈....####......
#..≈†≈≈≈≈≈≈≈≈≈≈..###..P#...
##.≈≈≈#######≈≈≈..##..##...
#..≈≈##≈§w@≈#P≈≈.###...##..
#..≈≈#$≈§w≈†≈≈≈≈.####.###..
#P.≈≈##≈≈§≈≈#P≈≈..# #...#..
##.≈≈≈#######≈≈≈PP# #......
#...≈≈≈≈≈≈≈≈≈≈≈..####......
##..#≈≈≈≈≈≈≈≈....# #P..P#..
##P..##...#≈.≈#..## ##..##..
#....##..........P####.####.
##...##...#..#..........##..


You could see 2 swamp worms.

Vanquished Creatures
  Harold (Lair:2)
  A hydra (Lair:4)
  Urug (Lair:2)
  2 spiny frogs
  3 komodo dragons
  The ghost of tyrsky the Digger, a novice GrEE (D:6)
  3 blink frogs
  A slime creature (D:8)
  14 yaks
  A wyvern (D:6)
  6 hippogriffs
  Menkaure (D:7)
  4 water moccasins
  3 swamp worms (Lair:4)
  4 porcupines
  3 orc warriors
  A phantom (D:6)
  An ice beast (D:7)
  A sky beast (D:8)
  6 ogres
  5 centaurs
  4 crocodiles
  5 big kobolds
  5 giant frogs
  3 scorpions
  A water moccasin skeleton (D:8)
  A wight (D:6)
  A howler monkey (D:4)
  2 electric eels (Lair:2)
  3 crimson imps (D:6)
  3 giant frog zombies
  4 jellies (D:8)
  A centaur zombie (D:6)
  3 gnoll shamans (D:7)
  3 hounds
  4 orc priests
  2 orc wizards (D:5)
  2 iguanas
  5 worker ants
  13 sheep
  A hound zombie (D:8)
  A hound skeleton (D:4)
  A howler monkey zombie (D:2)
  5 adders
  8 gnolls
  34 river rats
  2 shadow imps (D:6)
  15 oozes
  An adder skeleton (D:2)
  11 worms
  4 dart slugs
  A giant gecko (D:2)
  14 orcs
  7 giant cockroaches
  10 goblins
  6 hobgoblins
  9 jackals
  9 kobolds
  2 quokkas
  A ball python (D:3)
  8 bats
  A giant cockroach zombie (D:2)
  A giant gecko skeleton (D:5)
  A giant gecko zombie (D:5)
  4 giant newts
  A jackal skeleton (D:6)
  2 quokka skeletons
  4 rats
  A fungus (D:7)
293 creatures vanquished.

Vanquished Creatures (collateral kills)
  A hydra (D:8)
  Erica (Lair:2)
  The ghost of daning the Slasher, a novice HESk (D:5)
  3 blink frogs
  3 yaks
  A water moccasin (D:6)
  An ice beast (D:6)
  A phantom (D:5)
  A centaur (D:7)
  An ogre (D:7)
  2 big kobolds (D:8)
  A giant frog (D:6)
  A water moccasin zombie (D:5)
  A centaur zombie (D:6)
  A hound (D:6)
  A jelly (D:8)
  2 orc priests
  A gnoll shaman (D:7)
  An iguana (Lair:3)
  2 gnolls (D:7)
  2 river rats
  5 orcs
34 creatures vanquished.

Vanquished Creatures (others)
  A rime drake (Lair:3)
  A komodo dragon (Lair:3)
  2 yaks
  A swamp worm (Lair:4)
  An electric eel (Lair:2)
  15 fungi
  8 plants
29 creatures vanquished.

Grand Total: 356 creatures vanquished

Notes
Turn   | Place    | Note
--------------------------------------------------------------
     0 | D:1      | Wooh the Demonspawn Fighter began the quest for the Orb.
     0 | D:1      | Reached XP level 1. HP: 18/18 MP: 1/1
   212 | D:1      | Gained mutation: You are partially covered in slimy green scales (AC +2). [demonic ancestry]
   212 | D:1      | Reached XP level 2. HP: 22/24 MP: 2/2
   616 | D:1      | Reached XP level 3. HP: 26/29 MP: 3/3
  1260 | D:2      | Found an iron altar of Okawaru.
  1289 | D:2      | Became a worshipper of Warmaster Okawaru
  1428 | D:2      | Gained mutation: You regenerate a little health from kills. [demonic ancestry]
  1428 | D:2      | Reached XP level 4. HP: 35/35 MP: 4/4
  1519 | D:2      | Found a faded altar to an unknown god.
  2412 | D:3      | Noticed a centaur
  2422 | D:3      | Killed a centaur
  2422 | D:3      | Reached skill level 5 in Maces & Flails
  2422 | D:3      | Reached XP level 5. HP: 24/41 MP: 5/5
  3242 | D:4      | Found a burning altar of Makhleb.
  3318 | D:4      | Gained mutation: A weak demonic guardian rushes to your aid. [demonic ancestry]
  3318 | D:4      | Reached XP level 6. HP: 47/47 MP: 6/6
  3326 | D:4      | Reached * piety under Okawaru
  3779 | D:5      | Entered Level 5 of the Dungeon
  3813 | D:5      | Reached skill level 1 in Dodging
  3899 | D:5      | Found a shattered altar of Ashenzari.
  3943 | D:5      | Gained mutation: You have sharp toenails. [demonic ancestry]
  3943 | D:5      | Reached XP level 7. HP: 49/52 MP: 7/7
  3953 | D:5      | Found a staircase to the Ecumenical Temple.
  4078 | D:5      | Found a radiant altar of Vehumet.
  4082 | D:5      | Found a burning altar of Makhleb.
  4082 | D:5      | Found a deep blue altar of Sif Muna.
  4086 | D:5      | Found a white marble altar of Elyvilon.
  4104 | D:5      | Noticed daning's ghost (novice HESk)
  4118 | D:5      | Killed daning's ghost
  4118 | D:5      | Reached ** piety under Okawaru
  4703 | D:5      | Found an oddly glowing altar of Pakellas.
  4703 | D:5      | Found Pakellas's Prime Provisions.
  4787 | D:5      | Reached skill level 5 in Dodging
  4996 | D:6      | Reached XP level 8. HP: 39/58 MP: 8/8
  5034 | D:6      | Reached *** piety under Okawaru
  5089 | D:6      | Gained mutation: Your system is resistant to poisons. [potion of mutation]
  5089 | D:6      | Gained mutation: You possess an exceptional clarity of mind. [potion of mutation]
  5089 | D:6      | Gained mutation: Your natural rate of healing is unusually fast. [potion of mutation]
  5578 | D:6      | Noticed tyrsky's ghost (novice GrEE)
  5594 | D:6      | Killed tyrsky's ghost
  5594 | D:6      | Reached XP level 9. HP: 46/63 MP: 9/9
  5665 | D:6      | Reached **** piety under Okawaru
  6070 | D:7      | Got a crude steel amulet
  6138 | D:7      | Reached skill level 10 in Dodging
  6206 | D:7      | Identified the amulet "Ystresk" {Reflect -Tele rPois SH+2 SInv Stlth-} (You found it on level 7 of the Dungeon)
  6232 | D:7      | Found Zin's Purification Station.
  6234 | D:7      | Found a glowing silver altar of Zin.
  6283 | D:7      | Noticed Menkaure
  6293 | D:7      | Killed Menkaure
  6779 | D:7      | Reached ***** piety under Okawaru
  6779 | D:7      | Reached skill level 4 in Fighting
  7071 | D:8      | Found a staircase to the Lair.
  7082 | D:8      | Reached skill level 5 in Fighting
  7090 | D:8      | Gained mutation: You are mostly covered in slimy green scales (AC +3). [demonic ancestry]
  7090 | D:8      | Reached XP level 10. HP: 74/74 MP: 10/10
  7463 | D:8      | Found a bloodstained altar of Trog.
  7669 | D:8      | Reached skill level 6 in Fighting
  7716 | D:8      | Noticed a two-headed hydra
  7725 | D:8      | Killed a two-headed hydra
  7725 | D:8      | Reached skill level 7 in Fighting
  7826 | D:8      | Reached skill level 8 in Fighting
  7949 | Lair:1   | Entered Level 1 of the Lair of Beasts
  8074 | Lair:1   | Received a gift from Okawaru
  8074 | Lair:1   | Reached skill level 9 in Fighting
  8419 | Lair:1   | Reached skill level 10 in Fighting
  8690 | Lair:1   | Noticed a spiny frog
  8709 | Lair:1   | Killed a spiny frog
  8709 | Lair:1   | Gained mutation: You are completely covered in slimy green scales (AC +4, rPois). [demonic ancestry]
  8709 | Lair:1   | Reached XP level 11. HP: 45/92 MP: 11/11
  9393 | Lair:2   | Noticed Erica
  9531 | Lair:2   | Killed Erica
  9531 | Lair:2   | Reached skill level 11 in Fighting
  9572 | Lair:2   | Noticed Harold
  9598 | Lair:2   | Killed Harold
  9706 | Lair:2   | Noticed Urug
  9726 | Lair:2   | Killed Urug
  9726 | Lair:2   | Reached ****** piety under Okawaru
  9752 | Lair:2   | Reached skill level 12 in Fighting
  9784 | Lair:2   | Received a gift from Okawaru
 10460 | Lair:3   | Found a hole to the Spider Nest.
 10524 | Lair:3   | Gained mutation: You passively map a small area around you. [potion of mutation]
 10524 | Lair:3   | Gained mutation: You are robust (+10% HP). [potion of mutation]
 10700 | Lair:3   | Reached skill level 13 in Fighting
 11279 | Lair:4   | Noticed a six-headed hydra
 11300 | Lair:4   | Killed a six-headed hydra
 11493 | Lair:4   | Received a gift from Okawaru
 11994 | Lair:4   | Reached XP level 12. HP: 94/115 MP: 12/12
 12041 | Lair:4   | Slain by a swamp worm

Skill      XL: |  1  2  3  4  5  6  7  8  9 10 11 12 |
---------------+-------------------------------------+-----
Maces & Flails | 2 3 5 6 7 8 |  8.0
Dodging        | 2 5 9 11 | 11.0
Fighting       | 5 10 13 | 13.2
Armour         | |  2.6
Shields        | |  2.6

Action                   |  1- 3 |  4- 6 |  7- 9 | 10-12 || total
-------------------------+-------+-------+-------+-------++-------
Melee: Flail             |   133 |   220 |   220 |       ||   573
       Kick              |       |       |   184 |   248 ||   432
       Mace              |       |       |   298 |   370 ||   668
       Dire flail        |       |       |       |   307 ||   307
Throw: Javelin           |       |       |       |     6 ||     6
Invok: Heroism           |       |       |     4 |     3 ||     7
  Use: Scroll            |       |       |    20 |     4 ||    24
       Potion            |       |       |     1 |     1 ||     2
 Stab: Distracted        |       |     1 |     5 |     4 ||    10
  Eat: Chunk             |     2 |     8 |    12 |    17 ||    39
Armor: Scale mail        |    46 |       |       |       ||    46
       Ring mail         |    20 |   117 |   148 |   106 ||   391
Dodge: Dodged            |    37 |    68 |   293 |   439 ||   837
Block: Shield            |    76 |   115 |   293 |   214 ||   698
       Reflection        |       |       |     4 |     3 ||     7
       Other             |       |       |       |    20 ||    20
